Unix NetHack Version 5.0.0-0 post-release - last build Jun 10 2026 00:39:30 (3ee93aec679c4c4259841fe613dc97188e26a321,branch:main).

Game began 2026-06-13 02:53:57, ended 2026-06-13 03:02:56.

Brudee, chaotic female human Rogue

                                                    -----
                                                   --f|.---------
                                               -- --.....|.--.|.--
                                               |..G@...).........|
                                               -......--.|......--
                                             -....----------....|
                                            ....--        --....|
                                           --..           |<....-
                                            -             --.........|
                                                           |...--....|
                                                           -----  .---
                                                                  --

Brudee the Footpad      St:15 Dx:18 Co:12 In:11 Wi:11 Ch:8  Chaotic S:1352
Dlvl:3  $:1146 HP:0(12) Pw:2(2) AC:7  Xp:1/19 T:875 

Latest messages:
 You swap places with Sparky.
 A - a velvet spellbook.
 There is nothing here to pick up.
 You see here a kobold corpse.
 "Hello, Brudee!  Welcome again to Chibougamau's general store!"
 You see here a light brown spellbook (for sale, 400 zorkmids).
 You drop a velvet spellbook.
 Chibougamau offers only 227 gold pieces for your velvet spellbook.  Sell it? [ynaq] (n) y
 You sold a velvet spellbook for 227 gold pieces.
 You stop.  Sparky is in the way!
 You are beginning to feel hungry.
 You swap places with Sparky.
 You see here a kobold corpse.
 "Hello, Brudee!  Welcome again to Chibougamau's general store!"
 Sparky picks up a velvet spellbook.
 You see here a kobold corpse.
 Sparky drops a velvet spellbook.
 You swap places with Sparky.
 You see here a kobold corpse.
 "Hello, Brudee!  Welcome again to Chibougamau's general store!"
 A - a velvet spellbook.
 It won't come off the hinges.
 What do you want to eat? [n or ?*] ?
 This lichen corpse tastes okay.
 You finish eating the lichen corpse.
 You swap places with Sparky.
 You see here a kobold corpse.
 You swap places with Sparky.
 You descend the stairs.
 You climb up the stairs.
 You descend the stairs.
 The gnome shoots an arrow!
 An arrow misses you.
 You hear crashing rock.
 The gnome shoots an arrow!
 You are hit by an arrow.
 In what direction? h
 The dagger misses the gnome.
 The gnome picks up a +0 dagger.
 The gnome wields a +0 dagger!
 You hit the gnome.
 The gnome thrusts his dagger.
 The gnome hits!
 You miss the gnome.
 The gnome thrusts his dagger.
 The gnome hits!
 You die...
 Do you want your possessions identified? [ynq] (y) y
 Do you want to see your attributes? [ynq] (y) y
 Do you want an account of creatures vanquished? [ynaq] (y) q

Inventory:
 Coins    ('$')
  $ - 1146 gold pieces
 Weapons  (')')
  i - 7 +0 ya
  b - a +0 dagger (alternate weapon; not wielded)
  l - 6 +0 daggers (at the ready)
  j - a +0 orcish dagger
  a - a +0 short sword (weapon in right hand)
  W - a +0 trident
 Armor    ('[')
  c - an uncursed +1 leather armor (being worn)
 Spellbooks  ('+')
  A - an uncursed spellbook of create familiar
 Potions  ('!')
  h - an uncursed potion of invisibility
  d - an uncursed potion of sickness
 Tools    ('(')
  f - an empty uncursed sack
  g - an uncursed blindfold
  e - an uncursed lock pick
  u - an uncursed skeleton key
 Gems/Stones  ('*')
  X - 2 uncursed worthless pieces of red glass

Brudee the Rogue's attributes:

Background:
 You were a Footpad, a level 1 female human Rogue.
 You were chaotic, on a mission for Kos
 who was opposed by Issek (lawful) and Mog (neutral).
 You were right-handed.
 You were in the Gnomish Mines, on level 3.
 You entered the dungeon 875 turns ago.
 It was nighttime.
 You had 19 experience points, 1 more was needed to attain level 2.
 Your score was 1352 before end-of-game adjustments.

Basics:
 You had 0 out of 12 hit points.
 You had both energy points (spell power).
 Your armor class was 7.
 Your wallet contained 1146 zorkmids.
 Autopickup was on for '$!=+?/"' plus thrown.

Final Characteristics:
 Your strength was 15 (limit:18/100).
 Your dexterity was 18 (limit:18).
 Your constitution was 12 (limit:18).
 Your intelligence was 11 (limit:18).
 Your wisdom was 11 (limit:18).
 Your charisma was 8 (limit:18).

Final Status:
 You weren't hungry.
 You were unencumbered.
 You were wielding a short sword.
 You had basic skill with short sword.

Final Attributes:
 You were fervently aligned.
 You were stealthy.
 You were warded.
 You were unlucky.
 You are dead.

Miscellaneous:
 You didn't encounter any bones levels.
 Total elapsed playing time was 8 minutes and 57 seconds.

Major events:
 Turn
    1: Brudee the chaotic female human Rogue entered the dungeon
  837: entered the Gnomish Mines
  875: killed by a gnome

Spells:
 Name                 Level Category     Fail Retention
 cause fear             3   enchantment  100%  76%-100%

Skills:
 Fighting Skills
   bare handed combat [Unskilled]
   two weapon combat  [Unskilled]
   riding             [Unskilled]
 Weapon Skills
   dagger             [Basic]
   knife              [Unskilled]
   short sword        [Basic]
   broadsword         [Unskilled]
   long sword         [Unskilled]
   two-handed sword   [Unskilled]
   saber              [Unskilled]
   club               [Unskilled]
   mace               [Unskilled]
   morning star       [Unskilled]
   flail              [Unskilled]
   hammer             [Unskilled]
   polearms           [Unskilled]
   spear              [Unskilled]
   crossbow           [Unskilled]
   dart               [Unskilled]
   shuriken           [Unskilled]
 Spellcasting Skills
   divination spells  [Unskilled]
   escape spells      [Unskilled]
   matter spells      [Unskilled]

Voluntary challenges:
 Character rerolling was not enabled.
 You followed a strict vegan diet.
 You never genocided any monsters.
 You never polymorphed an object.
 You never changed form.
 You used no wishes.
Achievements:
 You entered a shop.
 You entered the Gnomish Mines.

 The Dungeons of Doom: levels 1 to 2
    Level 1:
       An altar.
    Level 2:
       A general store.
       Stairs down to The Gnomish Mines.
 The Gnomish Mines:
    Level 3: <- You were here.
       Final resting place for
          you, killed by a gnome.


Vanquished creatures:
  a gnome
  a jackal
  a goblin
  a sewer rat
  2 grid bugs
  2 lichens
  2 kobold zombies
  2 newts
12 creatures vanquished.

No species were genocided or became extinct.

Game over:
                       ----------
                      /          \
                     /    REST    \
                    /      IN      \
                   /     PEACE      \
                  /                  \
                  |      Brudee      |
                  |     1146 Au      |
                  |   killed by a    |
                  |      gnome       |
                  |                  |
                  |                  |
                  |       2026       |
                 *|     *  *  *      | *
        _________)/\\_//(\/(/\)/\//\/|_)_______

Goodbye Brudee the Rogue...

You died in The Gnomish Mines on dungeon level 3 with 1238 points,
and 1146 pieces of gold, after 875 moves.
You were level 1 with a maximum of 12 hit points when you died.

